cohdb
Replays
Latest Replays
All Replays
Popular Replays
Top Player Replays
Match Explorer
How It Works
Community
CoH3 Stats
Reddit
Sign in to upload your games and track your stats! →
Sign in with Steam
Match 42684527
Unlisted
Match 42684527
Overview
Messages
Build Orders
End
Scout Squad
Construct Weapon Support Center
M1919 Machine Gun Team
M1919 Machine Gun Team
Bazooka Squad
Infantry Support Center
M1919 Machine Gun Team
M3 Armored Personnel Carrier
Selects Heavy Weapons
Selects Assault Carriers
M3 Assault Carrier
Construct Medical Station
Selects Exchangeable Parts
Engineer Squad
Construct Barracks
Advanced Logistics
Riflemen Squad
Insomniac
BloodSpark
TeLLoR 13
SickOFCauger
0
0
Comments
sign in to comment!
No comments posted yet!